Map: Cerulean Fall LE

Players

Demented - Winner!

  • Race: Zerg Zerg
  • League: Platinum
  • Spawn Location: 1:00

Hansolo

  • Race: Zerg Zerg
  • League: Platinum
  • Spawn Location: 7:00

VOD

Have the link to the VOD?

Description

Time

  • Played on: Oct. 22, 2018, 7:31 p.m.
  • Length: 15:59
Show
View Real Time Build Order
Export as new Build Order

Demented Zerg - Winner!

Build Orders: Hatch First 

Get SALT Encoding   

  12  0:01  Drone  
  13  0:13  Overlord  
  13  0:23  Drone  
  14  0:38  Drone x3  
  17  0:58  Hatchery  
  17  0:59  Drone  
  17  1:03  Drone  
  18  1:14  Extractor  
  18  1:18  Spawning Pool  
  16  1:21  Drone  
  16  1:23  Drone  
  18  1:32  Overlord  
  18  1:42  Drone  
  19  2:04  Queen  
  19  2:06  Zergling x4  
  23  2:09  Queen  
  23  2:10  Drone  
  23  2:14  Drone  
  27  2:20  Metabolic Boost  
  28  2:22  Drone  
  28  2:25  Overlord  
  28  2:33  Drone  
  28  2:36  Drone  
  30  2:44  Queen  
  30  2:45  Overlord  
  30  2:48  Drone  
  33  2:55  Drone  
  33  2:58  Drone  
  35  3:08  Drone  
  35  3:09  Drone  
  35  3:10  Roach Warren  
  37  3:12  Drone  
  37  3:13  Drone  
  37  3:19  Drone x2  
  41  3:20  Drone  
  41  3:27  Drone x3  
  43  3:30  Zergling x2  
  43  3:31  Drone  
  46  3:44  Hatchery  
  46  3:45  Drone  
  46  3:54  Roach x3  
  52  4:07  Extractor  
  52  4:08  Overlord  
  52  4:09  Overlord  
  51  4:11  Zergling x2  
  51  4:16  Baneling Nest  
  49  4:27  Evolution Chamber  
  49  4:31  Spine Crawler  
  48  4:32  Roach x3  
  48  4:33  Zergling x12, Roach  
  61  4:41  Evolution Chamber  
  60  4:53  Roach x3  
  60  4:55  Drone  
  67  5:01  Hatchery  
  67  5:06  Drone x2  
  63  5:16  Zergling x8  
  56  5:21  Roach  
  56  5:22  Roach  
  60  5:32  Roach x2  
  60  5:35  Zerg Missile Weapons Level 1  
  64  5:41  Zergling x2, Roach  
  67  5:49  Zergling x2  
  68  6:02  Overlord  
  68  6:03  Overlord x3  
  67  6:13  Roach  
  67  6:14  Roach x3  
  72  6:20  Overlord x3  
  72  6:21  Hatchery  
  72  6:25  Roach x2  
  75  6:31  Lair  
  75  6:32  Zergling x2  
  76  6:37  Extractor  
  75  6:46  Roach  
  81  6:47  Roach x2  
  81  6:50  Zergling x6  
  81  6:52  Drone  
  81  6:53  Drone  
  86  7:01  Drone x2  
  88  7:08  Zergling x6  
  91  7:14  Zergling x4  
  93  7:18  Roach x4  
  95  7:33  Zergling x4  
  95  7:34  Ravager x2  
  99  7:38  Ravager  
  99  7:39  Zergling x2  
  99  7:40  Zergling x12  
  99  7:42  Zergling x2  
  108  7:46  Drone  
  109  7:56  Hydralisk Den  
  107  8:09  Zergling x12  
  98  8:15  Roach x4  
  98  8:16  Zergling x8  
  92  8:20  Burrow  
  92  8:23  Zergling x2  
  92  8:24  Zergling x2  
  88  8:28  Zergling x4  
  88  8:33  Ravager  
  91  8:35  Ravager  
  91  8:37  Roach  
  91  8:39  Zergling x6  
  91  8:40  Zergling x4  
  99  8:41  Roach  
  99  8:48  Zergling x4  
  103  8:50  Roach  
  105  8:58  Drone x3  
  105  8:59  Extractor  
  94  9:10  Roach x5  
  94  9:15  Drone x3  
  107  9:20  Zerg Missile Weapons Level 2  
  107  9:27  Drone x3  
  110  9:34  Hydralisk  
  110  9:38  Queen  
  112  9:43  Muscular Augments  
  114  9:50  Hydralisk x2  
  114  9:52  Ravager  
  119  9:58  Ravager  
  120  10:00  Drone x2  
  120  10:01  Drone x3  
  120  10:03  Extractor, Overlord  
  120  10:04  Extractor  
  123  10:13  Hydralisk x2  
  127  10:21  Hydralisk x2  
  127  10:22  Hydralisk  
  127  10:25  Zergling x4  
  127  10:27  Drone  
  136  10:29  Drone x2  
  138  10:36  Queen  
  138  10:42  Infestation Pit  
  139  10:43  Zerg Ground Armor Level 1  
  139  10:49  Overlord x2  
  139  10:50  Zergling x2  
  139  10:52  Baneling x3  
  105  11:22  Hydralisk x5  
  105  11:23  Hydralisk, Roach  
  105  11:24  Roach x2  
  107  11:31  Hydralisk  
  107  11:32  Roach x2  
  103  11:37  Drone  
  103  11:38  Drone x3  
  107  11:40  Drone  
  107  11:41  Drone  
  107  11:44  Hydralisk  
  107  11:45  Zergling x2  
  112  11:49  Drone x3  
  112  11:53  Hatchery  
  110  11:59  Hydralisk  
  110  12:00  Hydralisk, Roach x2  
  114  12:06  Drone x3  
  117  12:11  Grooved Spines  
  117  12:15  Hive  
  117  12:29  Drone x5  
  123  12:30  Drone x4  
  123  12:31  Overlord  
  123  12:34  Extractor  
  125  12:39  Extractor  
  124  12:49  Drone x3  
  124  12:50  Drone x2  
  129  12:54  Roach x6  
  129  12:55  Hydralisk  
  143  12:58  Glial Reconstitution  
  143  13:05  Hydralisk x2  
  143  13:06  Roach  
  149  13:17  Hydralisk  
  149  13:18  Hydralisk x3, Roach  
  149  13:19  Roach  
  161  13:30  Hydralisk x2  
  161  13:31  Overlord x3  
  165  13:51  Ultralisk Cavern  
  165  13:52  Centrifical Hooks  
  165  13:53  Zergling x6  
  165  13:54  Overlord x3, Zergling x2  
  165  13:55  Zergling x12  
  172  13:56  Zergling x6  
  172  14:02  Hydralisk x2  
  177  14:03  Roach  
  177  14:06  Overseer x3  
  177  14:07  Overseer  
  177  14:09  Pneumatized Carapace  
  183  14:28  Zergling x8  
  183  14:29  Hatchery  
  183  14:31  Hydralisk x3, Roach x2  
  186  14:36  Hydralisk x2  
  186  14:37  Hydralisk  
  188  14:43  Zergling x4  
  188  14:44  Zergling x6  
  188  14:45  Zergling x2  
  189  14:50  Hydralisk x2  
  189  14:51  Roach  
  160  14:54  Hydralisk  
  160  14:55  Roach  
  160  14:57  Roach  
Show
View Real Time Build Order
Export as new Build Order

Hansolo Zerg 

Build Orders: Pool First, Zergling Baneling 

Get SALT Encoding   

  12  0:01  Drone  
  13  0:08  Drone  
  14  0:17  Overlord  
  14  0:45  Drone x2  
  14  0:46  Extractor, Drone  
  16  0:56  Spawning Pool  
  15  0:57  Drone  
  16  1:07  Drone  
  17  1:22  Hatchery  
  17  1:24  Drone  
  17  1:32  Drone  
  18  1:43  Drone  
  18  1:46  Queen  
  21  1:51  Metabolic Boost  
  21  1:56  Drone  
  22  2:03  Overlord  
  22  2:19  Baneling Nest  
  22  2:21  Drone  
  23  2:22  Drone  
  23  2:27  Queen  
  25  2:33  Drone  
  25  2:35  Zergling x2  
  27  2:44  Queen  
  29  2:56  Zergling x6  
  29  2:57  Zergling x2  
  33  2:58  Zergling x2  
  33  3:02  Extractor  
  34  3:05  Drone  
  34  3:06  Zergling x2  
  35  3:13  Overlord  
  35  3:19  Overlord  
  35  3:31  Zergling x2  
  36  3:38  Drone  
  36  3:39  Drone x3  
  36  3:40  Zergling x2  
  41  3:42  Zergling x2  
  41  3:44  Drone  
  43  3:54  Drone  
  44  3:56  Overlord  
  44  4:00  Baneling x2  
  44  4:03  Baneling  
  44  4:32  Drone x4  
  44  4:33  Roach Warren, Drone  
  44  4:34  Queen  
  44  4:35  Queen  
  52  4:42  Evolution Chamber  
  52  4:44  Evolution Chamber  
  50  4:51  Baneling  
  50  4:52  Baneling x3  
  49  4:54  Baneling x6  
  49  4:55  Baneling  
  49  4:56  Baneling  
  49  4:57  Baneling  
  49  4:58  Baneling  
  49  4:59  Baneling  
  49  5:00  Baneling  
  49  5:02  Drone  
  42  5:22  Roach x4  
  42  5:23  Overlord  
  42  5:24  Overlord  
  42  5:27  Drone  
  51  5:35  Zerg Missile Weapons Level 1  
  51  5:38  Overlord  
  51  5:39  Overlord  
  51  5:42  Drone  
  52  5:45  Roach  
  52  5:49  Zergling x4  
  56  5:51  Zergling x2  
  56  5:53  Drone  
  58  6:00  Drone x3  
  58  6:02  Drone  
  62  6:17  Lair  
  62  6:21  Zerg Ground Armor Level 1  
  62  6:22  Roach x3  
  68  6:28  Roach x2  
  68  6:30  Zergling x2  
  68  6:31  Zergling x2  
  74  6:46  Roach  
  78  6:47  Hatchery, Roach  
  77  7:06  Drone  
  77  7:07  Drone x4  
  82  7:10  Extractor  
  82  7:13  Extractor  
  82  7:15  Roach x2  
  84  7:16  Roach  
  77  7:34  Zergling x2  
  77  7:35  Zergling x12  
  84  7:38  Zerg Missile Weapons Level 2  
  84  7:41  Overlord  
  84  7:49  Overlord  
  84  7:50  Overlord x2  
  84  7:51  Overlord  
  70  8:17  Zergling x2, Roach x5  
  69  8:25  Roach  
  63  8:28  Roach x3  
  63  8:30  Roach  
  63  8:33  Roach x3  
  69  8:37  Zergling x2  
  69  8:39  Zergling x2  
  71  8:48  Zergling x2  
  71  8:49  Baneling x2  
  71  8:51  Roach  
  71  8:52  Queen  
  76  9:00  Spire  
  71  9:03  Roach x4  
  76  9:13  Baneling x4  
  76  9:15  Zergling x4  
  78  9:18  Queen  
  78  9:22  Roach  
  78  9:23  Zergling x2, Roach x2  
  87  9:37  Zerg Ground Armor Level 2  
  87  9:39  Zergling x2, Roach  
  87  9:44  Queen  
  92  9:48  Roach  
  94  10:01  Roach x4  
  94  10:05  Roach  
  104  10:08  Ravager x3  
  104  10:09  Ravager  
  104  10:13  Zerg Melee Weapons Level 1  
  108  10:17  Glial Reconstitution  
  108  10:21  Zergling x4  
  110  10:45  Roach x3  
  116  10:51  Overlord x4  
  116  10:52  Overlord  
  116  11:01  Hydralisk Den  
  115  11:08  Queen  
  67  11:34  Roach x5  
  67  11:35  Zergling x4, Roach x2  
  74  12:01  Roach x4  
  74  12:02  Roach  
  74  12:03  Mutalisk x3  
  74  12:04  Hydralisk x2  
  92  12:18  Hatchery  
  92  12:22  Zergling x4  
  93  12:33  Pneumatized Carapace  
  93  12:36  Zerg Flyer Armor Level 1, Mutalisk  
  93  12:41  Grooved Spines  
  96  12:51  Zergling x6  
  98  13:12  Hydralisk x4  
  103  13:17  Zerg Melee Weapons Level 2  
  103  13:18  Zergling x2  
  106  13:23  Hydralisk  
  108  13:42  Drone x5  
  108  13:43  Drone x2  
  108  13:45  Drone  
  117  13:48  Drone  
  117  13:52  Muscular Augments  
  117  13:53  Baneling x3  
  117  13:54  Baneling  
  117  13:59  Hydralisk  
  119  14:19  Queen  
  119  14:20  Extractor x2  
  119  14:28  Mutalisk  
  121  14:33  Hatchery  
  113  14:52  Roach x8  
  111  14:53  Roach  
  111  14:59  Roach x2  
  103  15:00  Roach  
  87  15:08  Roach x3  
Tags
 
Add a new tag
Caveats
  • Supply blocks, unpowered buildings, or Contaminate may cause inaccurate times.
  • Supply counts are checked every 10 seconds.